 Dungeon Crawl Stone Soup version 0.26-a0-660-gc07710193c (webtiles) character file.

Game seed: 14737625106396080538

8 DogServant the Magician (level 2, 8/17 HPs)
             Began as an Octopode Hedge Wizard on Oct 8, 2020.
             Quit the game on level 1 of the Dungeon.
             The game lasted 00:00:27 (90 turns).

DogServant the Magician (Octopode Hedge Wizard)       Turns: 90, Time: 00:00:28

Health: 8/17       AC:  1    Str:  9    XL:     2   Next: 8%
Magic:  6/6        EV: 13    Int: 16    God:
Gold:   5          SH:  0    Dex: 11    Spells: 6/7 levels left

rFire    . . .     SeeInvis .   a - +0 dagger
rCold    . . .     Faith    .   (no shield)
rNeg     . . .     Spirit   .   b - +0 hat
rPois    .         Reflect  .   (no amulet)
rElec    .         Harm     .   (no ring)
rCorr    .         Rampage  .   (no ring)
MR       .....                  (no ring)
Stlth    +++.......             (no ring)
HPRegen  0.05/turn              (no ring)
MPRegen  0.10/turn              (no ring)
                                (no ring)
                                (no ring)

@: no status effects
A: almost no armour, stealthy swim, amphibious, 8 rings, constrict 8, camouflage
1, gelatinous body 1
a: no special abilities


You were on level 1 of the Dungeon.
You visited 1 branch of the dungeon, and saw 1 of its levels.

You collected 5 gold pieces.

Inventory:

Hand Weapons
 a - a +0 dagger (weapon)
Armour
 b - a +0 hat (worn)


   Skills:
 + Level 2.2 Dodging
 + Level 2.6 Stealth
 + Level 3.3 Spellcasting
 + Level 1.0 Conjurations
   Level 1.0 Summonings
   Level 1.0 Translocations


You had 6 spell levels left.
You knew the following spells:

 Your Spells              Type           Power        Failure   Level
a - Magic Dart            Conj           #...         12%         1

Your spell library contained the following spells:

 Spells                   Type           Power        Failure   Level
 Blink                    Tloc           N/A          19%         2
 Call Imp                 Summ           #.......     19%         2
 Slow                     Hex            #.......     26%         2
 Conjure Flame            Conj/Fire      #.......     41%         3
 Mephitic Cloud           Conj/Pois/Air  #.......     43%         3


Dungeon Overview and Level Annotations

Branches:
Dungeon (1/15)

Altars:


Innate Abilities, Weirdness & Mutations

You cannot wear most types of armour.
You are very stealthy in the water. (Stealth+)
You are amphibious.
You can wear up to eight rings at the same time.
You can use your tentacles to constrict eight enemies at once.
Your skin changes colour to match your surroundings (Stealth+).
Your rubbery body absorbs attacks. (AC +1, EV +1)


Message History

The dart slug is heavily wounded.
You constrict the dart slug. The bat closely misses you.
The dart slug closely misses you.
You hit the dart slug.
The dart slug is almost dead.
You constrict the dart slug.
You kill the dart slug!
You have reached level 2!
The bat misses you. The bat hits you but does no damage.
Things that are here:
a +0 dagger; a kobold corpse The bat hits you but does no damage.
You hit the bat. Your grab misses the bat.
The bat is moderately wounded.
The bat misses you. The bat closely misses you. The bat hits you.
The bat hits you.
You are too injured to fight recklessly!
Are you sure you want to abandon this character and quit the game? (Confirm with "yes".)

#.##.#...####.... # .
#.##.#...# .# .#..
#.##.#...#### .#....
..##.#......###.#..#.
.....##..##.#........
##..............#
..........##†.#..##
##.#....b.).........
#.##...@...†......$ #
#.....##..#....#
#..............#
#.##............ #.
#........#... #
............#
##..###..... #... ...


You could see a bat.

Vanquished Creatures
  A dart slug (D:1)
  A leopard gecko (D:1)
  A bat (D:1)
  2 kobolds (D:1)
5 creatures vanquished.

Notes
Turn   | Place    | Note
-------+----------+-------------------------------------------
     0 | D:1      | DogServant the Octopode Hedge Wizard began the quest for
                  | the Orb.
     0 | D:1      | Reached XP level 1. HP: 11/11 MP: 4/4
    84 | D:1      | Reached XP level 2. HP: 10/17 MP: 6/6
    90 | D:1      | Quit the game

Illustrated notes

Levels and vault maps discovered:
D:1:      dpeg_arrival_lava_temple_mockup, layout_basic,
          chequers_serial_rivers_large_a

Action                   || total
-------------------------++-------
Melee: Dagger            ||    10
       Constrict         ||     2
       Tentacles         ||     1
 Stab: Sleeping          ||     2
Armor: Skin              ||     2
Dodge: Dodged            ||     8

Table legend: (Time is in decaauts)
 A = Elapsed time spent in this place.
 B = Non-inter-level travel time spent in this place.
 C = Inter-level travel time spent in this place.
 D = Time resting spent in this place.
 E = Time spent auto-exploring this place.
 F = Levels seen in this place.
 G = Mean time per level.
                   A        B        C        D        E       F      G
               +--------+--------+--------+--------+--------+-----+--------+
         Total |     90 |     90 |      0 |      0 |     61 |   1 |   90.0 |
       Dungeon |     90 |     90 |      0 |      0 |     61 |   1 |   90.0 |
               +--------+--------+--------+--------+--------+-----+--------+

Top non-repeatable levels by time:
     D:1: 90 daAuts
